Map: Newkirk Precinct TE (Void)

Players

Namshar

  • Race: Zerg Zerg
  • Spawn Location: 7:00

GAMETIME - Winner!

  • Race: Zerg Zerg
  • Spawn Location: 5:00

Event: WCS Austin 2017

VOD

Have the link to the VOD?

Description

Time

  • Played on: April 28, 2017, 5:20 p.m.
  • Length: 4:35

All games in this series

Show
View Real Time Build Order
Export as new Build Order

Namshar Zerg 

Build Orders: Pool First 

Get SALT Encoding   

  12  0:00  Drone  
  13  0:13  Overlord  
  13  0:17  Drone  
  14  0:31  Drone x2  
  14  0:35  Drone  
  17  0:46  Drone  
  17  0:49  Extractor  
  17  0:51  Spawning Pool  
  17  0:56  Drone  
  17  1:08  Drone  
  18  1:19  Hatchery  
  18  1:22  Drone  
  18  1:30  Drone  
  19  1:38  Queen  
  21  1:46  Overlord  
  21  1:51  Metabolic Boost  
  21  1:55  Zergling x2  
  22  2:08  Baneling Nest  
  22  2:09  Drone  
  22  2:14  Queen  
  24  2:17  Drone  
  25  2:23  Drone  
  26  2:33  Zergling x2  
  26  2:34  Zergling x2  
  28  2:38  Spine Crawler  
  28  2:42  Zergling x2  
  28  2:52  Baneling x2  
  28  2:55  Zergling x2, Baneling x2  
  28  2:56  Zergling x4  
  31  3:00  Zergling x2  
  11  3:34  Drone x2  
  11  3:35  Drone  
  13  3:53  Baneling  
  13  4:00  Drone  
  13  4:02  Drone  
  15  4:21  Drone x3  
Show
View Real Time Build Order
Export as new Build Order

GAMETIME Zerg - Winner!

Build Orders: Pool Only, Zergling Baneling 

Get SALT Encoding   

  12  0:00  Drone  
  13  0:15  Extractor  
  12  0:24  Spawning Pool  
  11  0:29  Drone  
  11  0:34  Drone  
  13  0:39  Drone  
  14  0:51  Overlord  
  14  1:11  Queen, Zergling x2  
  16  1:13  Zergling x2  
  18  1:22  Metabolic Boost  
  18  1:29  Zergling x2  
  19  1:33  Zergling x2  
  20  1:41  Baneling Nest  
  20  1:46  Zergling x2  
  20  1:54  Zergling x2  
  21  2:00  Overlord  
  21  2:13  Zergling x2  
  22  2:18  Zergling x4  
  22  2:20  Zergling x2  
  25  2:28  Baneling x2  
  25  2:29  Baneling x2  
  25  2:34  Zergling x2  
  26  2:39  Zergling x2  
  27  2:44  Zergling x2  
  28  2:52  Zergling x2  
  29  2:59  Baneling x2  
  29  3:08  Baneling  
  24  3:15  Zergling x2  
  21  3:26  Zergling x2  
  20  3:27  Zergling x8  
  22  3:35  Zergling x2  
  22  3:45  Zergling x2  
  23  3:53  Baneling x2  
  23  3:55  Zergling x2  
  24  3:58  Zergling x6  
  27  4:04  Baneling x2  
  27  4:07  Baneling  
Tags
 
Add a new tag
Caveats
  • Supply blocks, unpowered buildings, or Contaminate may cause inaccurate times.
  • Supply counts are checked every 10 seconds.